 Dungeon Crawl Stone Soup version 0.29.0-4-gdea44cf6ec (webtiles) character file.

Game seed: 9451026914426730767

41 qw the Chopper (level 3, -4/21 HPs)
             Began as a Tengu Warper on Aug 28, 2022.
             Slain by Terence
             ... wielding a +0 flail
              (5 damage)
             ... on level 2 of the Dungeon.
             The game lasted 00:00:09 (1784 turns).

qw the Chopper (Tengu Warper)                       Turns: 1784, Time: 00:00:09

Health: -4/21      AC:  6    Str: 13    XL:     3   Next: 52%
Magic:  7/7        EV: 11    Int: 13    God:
Gold:   40         SH:  0    Dex: 13    Spells: 6/6 levels left

rFire   . . .      SeeInvis .   Y - +0 hand axe
rCold   . . .      Faith    .   (no shield)
rNeg    . . .      Spirit   .   g - +0 ring mail
rPois   .          Reflect  .   (helmet restricted)
rElec   .          Harm     .   (no cloak)
rCorr   .          Rampage  .   i - +0 pair of gloves
Will    .....                   (boots unavailable)
Stlth   +.........              (no amulet)
HPRegen 0.07/turn               (no ring)
MPRegen 0.10/turn               (no ring)

@: no status effects
A: beak, talons 3
a: no special abilities


You were on level 2 of the Dungeon.
You visited 1 branch of the dungeon, and saw 2 of its levels.

You collected 40 gold pieces.


Innate Abilities, Weirdness & Mutations

You have a beak for a mouth.
You have claws for feet.


   Skills:
 - Level 2.0 Fighting
 + Level 4.2 Axes
 - Level 1.0 Throwing
 - Level 1.1 Armour
 - Level 2.1 Dodging
 - Level 2.0 Spellcasting
 - Level 2.4 Translocations


You had 6 spell levels left.
You didn't know any spells.
Your spell library contained the following spells:

 Spells                   Type           Power      Damage    Failure   Level
 Blink                    Tloc           14%        N/A       30%         2
 Gell's Gravitas          Tloc           7%         N/A       52%         3
 Lesser Beckoning         Tloc           7%         N/A       52%         3
 Teleport Other           Tloc           7%         N/A       52%         3
 Manifold Assault         Tloc           7%         N/A       99%         5

Inventory:

Hand Weapons
 h - a +0 whip of electrocution
 Y - a +0 hand axe (weapon)
Armour
 g - a +0 ring mail (worn)
 i - a +0 pair of gloves (worn)
Scrolls
 a - a scroll of identify
Potions
 e - a potion of cancellation {unknown}
 j - a potion of heal wounds {unknown}
 k - a potion of haste {unknown}

Dungeon Overview and Level Annotations

Branches:
Dungeon (2/15)

Altars:

Shops:
D:2 (

Annotations:
D:2 Terence


Message History

Press: ? - help, Q - select action Shift-Dir - straight line, f/p - ball python You throw a javelin.
The javelin barely misses the ball python.
Terence shouts!
You hit the ball python.
The ball python is severely wounded.
The ball python closely misses you. x2
You closely miss the ball python.
The ball python is severely wounded.
The ball python bites you. The ball python barely misses you. x2
The ball python closely misses you.
You hit the ball python.
You kill the ball python!
You hit Terence. Your kick misses Terence.
Terence is lightly wounded.
Terence says, "Don't bother to defend, it's useless."
Terence closely misses you.
You hit Terence. You peck Terence.
Terence is moderately wounded.
A hobgoblin comes into view.
Terence hits you with a +0 flail.
You barely miss Terence.
The hobgoblin shouts!
You claw Terence, but do no damage.
Terence is moderately wounded.
Terence hits you with a +0 flail.
You hit Terence but do no damage. Your kick misses Terence.
You peck Terence, but do no damage.
Terence is moderately wounded.
Terence barely misses you.
You hit Terence. Your kick misses Terence. You peck Terence, but do no damage.
Terence is heavily wounded.
Terence hits you with a +0 flail!
An endoplasm comes into view.
You closely miss Terence.
The endoplasm quivers.
You claw Terence, but do no damage.
Terence is heavily wounded.
Terence hits you with a +0 flail.
You die...

#.# ....((.# ... #..J...
#.# #...... #.# #.#
##..g... #.# #.# ......#
#.# #.# #....###.#. #.#
#####..@....#.###.###.#
+......@....#.........#
#####.......###..######.
+.......'...........
#.......###%#######.
+.......###.........
#...........######.#
###.....###.# ##...#
.#####..#### #.# #.....
........# #.# #.....


You could see Terence, an endoplasm and a hobgoblin.

Vanquished Creatures
  An adder (D:2)
  A dart slug (D:1)
  7 ball pythons
  3 hobgoblins (D:1)
  4 kobolds (D:1)
  4 quokkas
  4 bats
  A frilled lizard (D:1)
  2 rats (D:1)
27 creatures vanquished.

Notes
Turn   | Place    | Note
-------+----------+-------------------------------------------
     0 | D:1      | qw the Tengu Warper began the quest for the Orb.
     0 | D:1      | Reached XP level 1. HP: 12/12 MP: 4/4
     0 | D:1      | 0 ||| qw: Version: 0.1-a-89-g26bdef1
     0 | D:1      | 0 ||| qw: Game counter: 2895
     0 | D:1      | 0 ||| qw: Always use a shield: true
     0 | D:1      | 0 ||| qw: God list: Okawaru
     0 | D:1      | 0 ||| qw: Allow faded altars: false
     0 | D:1      | 0 ||| qw: Do Orc after D:15 true
     0 | D:1      | 0 ||| qw: Do second Lair branch before Depths: true
     0 | D:1      | 0 ||| qw: Lair rune preference: random
     0 | D:1      | 0 ||| qw: Plans: Normal
     0 | D:1      | 0 ||| PLANNING D:1-11
   253 | D:1      | Reached skill level 3 in Axes
   253 | D:1      | Reached XP level 2. HP: 17/17 MP: 6/6
   665 | D:1      | 665 ||| Stepping ~*~*~tactically~*~*~ (stealth).
   666 | D:1      | 666 ||| Stepping ~*~*~tactically~*~*~ (stealth).
   667 | D:1      | 667 ||| Stepping ~*~*~tactically~*~*~ (stealth).
   668 | D:1      | 668 ||| Stepping ~*~*~tactically~*~*~ (stealth).
   669 | D:1      | 669 ||| Stepping ~*~*~tactically~*~*~ (stealth).
   670 | D:1      | 670 ||| Stepping ~*~*~tactically~*~*~ (stealth).
  1044 | D:1      | Reached XP level 3. HP: 17/21 MP: 7/7
  1495 | D:1      | 1495 ||| UPGRADING to +0 ring mail.
  1505 | D:1      | 1505 ||| DROPPING +0 leather armour.
  1506 | D:1      | 1506 ||| UPGRADING to +0 pair of gloves.
  1511 | D:1      | 1511 ||| READING scroll labelled SOFRUG DETAEM.
  1512 | D:1      | 1512 ||| READING scroll labelled ZUS JOIXKOIV.
  1513 | D:1      | 1513 ||| DROPPING scroll of blinking.
  1639 | D:2      | Found Sesm's Weapon Shoppe.
  1701 | D:2      | Reached skill level 4 in Axes
  1773 | D:2      | Noticed Terence
  1783 | D:2      | HP: 1/21 [Terence/+0 flail (9)]
  1784 | D:2      | Slain by Terence

Levels and vault maps discovered:
D:1:      sevenhm_arrival_forest_fort_large_4, layout_basic, minmay_hedge_maze,
          hangedman_decor_opposing, hangedman_decor_clover_reticule
D:2:      layout_basic, serial_shops, nicolae_shop_bloodbath_and_beyond,
          uniq_terence

Skill      XL: |  1  2  3 |
---------------+----------+-----
Axes           | 3 4 |  4.2
Fighting       | |  2.0
Throwing       | |  1.0
Armour         | |  1.1
Dodging        | |  2.1
Spellcasting   | |  2.0
Translocations | |  2.4

Action                   || total
-------------------------++-------
Melee: Hand axe          ||    70
       Kick              ||    14
       Peck              ||     8
Throw: Boomerang         ||     7
       Javelin           ||     8
  Use: Scroll            ||     2
Armor: Leather armour    ||    20
       Ring mail         ||     7
Dodge: Dodged            ||    45

Table legend:
 A = Non-vault XP
 B = Vault XP
 C = Vault XP percentage of total XP
 D = Non-vault monster count
 E = Vault monster count
 F = Vault count percentage of total count
                 A         B        C        D         E       F
            +---------+---------+-------+---------+---------+-------
      Total |      59 |       0 |   0.0 |      27 |       0 |   0.0
            +---------+---------+-------+---------+---------+-------
        D:1 |      41 |       0 |   0.0 |      23 |       0 |   0.0
        D:2 |      18 |       0 |   0.0 |       4 |       0 |   0.0
            +---------+---------+-------+---------+---------+-------
